General information
- name: BNet
- type: Ladder team game (AT/RT)
- host: Battle.net
- saver: GOKUMAN69
map: Highperch
- players: 6
- length: 153:05
- speed: Fast
- version: 1.21 W3XP
- replay type: Public
» download(608 KB)
Players
team 1 (winner)
GOKUMAN69 (
purple | 44 APM | 6764 actions | 153:05)
9 Blademaster
3 Wind Walk
3 Critical Strike
1 Bladestorm
2 Mirror Image
2 Archmage
2 Brilliance Aura
3 Goblin Tinker
2 Pocket Factory
1 Engineering Upgrade
» actions
| Assign group hotkey | 10 | |
| Basic commands | 16 | |
| Build / train | 183 | |
| Enter build submenu | 96 | |
| Enter hero's abilities submenu | 16 | |
| Give item / drop item | 34 | |
| Remove unit from queue | 5 | |
| Right click | 3626 | |
| Select / deselect | 1622 | |
| Select group hotkey | 410 | |
| Use ability | 743 | |
6764 total
» units
| Peon | 10 | |
| Peasant | 11 | |
| Troll Batrider | 17 | |
| Dragonhawk Rider | 9 | |
| Wind Rider | 5 | |
| Sorceress | 1 | |
| Priest | 1 | |
54 total
» upgrades
| Magic Sentry | 1 | |
| Liquid Fire | 1 | |
| Masonry | 2 | |
| Lumber Harvesting | 2 | |
| Animal War Training | 1 | |
| Swords | 3 | |
| Armor | 3 | |
| Sorceress Training | 2 | |
| Priest Training | 2 | |
| Ranged Weapons | 2 | |
| Envenomed Spears | 1 | |
| Reinforced Defenses | 1 | |
21 total
» buildings
| Altar of Storms | 3 | |
| Orc Burrow | 8 | |
| War Mill | 2 | |
| Stronghold | 1 | |
| Scout Tower | 30 | |
| Guard Tower | 13 | |
| Keep | 1 | |
| Arcane Tower | 8 | |
| Fortress | 1 | |
| Beastiary | 3 | |
| Watch Tower | 22 | |
| Gryphon Aviary | 2 | |
| Arcane Sanctum | 1 | |
| Voodoo Lounge | 2 | |
| Arcane Vault | 1 | |
| Farm | 8 | |
| Castle | 1 | |
| Blacksmith | 1 | |
| Great Hall | 2 | |
| Barracks | 1 | |
111 total
» build order
00:05 Altar of Storms
00:07 Altar of Storms
00:25 Orc Burrow
01:44 War Mill
03:26 Stronghold
03:37 Scout Tower
03:42 Scout Tower
03:43 Scout Tower
03:47 Scout Tower
04:15 Scout Tower
04:18 Guard Tower
04:20 Scout Tower
04:22 Scout Tower
04:22 Scout Tower
04:23 Scout Tower
05:30 Guard Tower
05:32 Guard Tower
05:34 Keep
05:43 Arcane Tower
05:43 Arcane Tower
05:56 Fortress
05:57 Beastiary
06:00 Watch Tower
06:06 Guard Tower
06:08 Scout Tower
06:10 Scout Tower
06:28 Beastiary
06:35 Scout Tower
06:38 Scout Tower
06:43 Guard Tower
06:44 Scout Tower
06:47 Scout Tower
08:03 Gryphon Aviary
08:04 Gryphon Aviary
08:10 Arcane Sanctum
08:14 Voodoo Lounge
08:24 Orc Burrow
08:26 Orc Burrow
08:34 Guard Tower
08:38 Guard Tower
08:45 Voodoo Lounge
09:07 Scout Tower
09:08 Scout Tower
09:32 Arcane Vault
09:34 Farm
09:35 Farm
11:52 Guard Tower
12:44 Farm
12:45 Castle
12:47 Scout Tower
13:32 Blacksmith
13:53 Scout Tower
13:54 Scout Tower
14:12 Great Hall
14:34 Barracks
14:48 Guard Tower
15:36 Guard Tower
18:29 Great Hall
18:44 Scout Tower
18:45 Scout Tower
18:46 Scout Tower
18:46 Scout Tower
19:42 Guard Tower
20:38 Guard Tower
21:54 Watch Tower
22:09 Scout Tower
24:52 Watch Tower
26:17 Farm
26:18 Farm
27:06 Watch Tower
31:11 Orc Burrow
39:56 Farm
39:58 Farm
39:59 Farm
40:23 Orc Burrow
40:25 Orc Burrow
41:03 Beastiary
41:19 Scout Tower
41:21 Scout Tower
41:23 Scout Tower
41:26 Scout Tower
41:27 Scout Tower
42:17 Guard Tower
42:48 War Mill
44:27 Arcane Tower
47:11 Watch Tower
47:20 Watch Tower
48:01 Watch Tower
48:47 Arcane Tower
48:47 Arcane Tower
48:59 Arcane Tower
48:59 Arcane Tower
51:14 Watch Tower
51:23 Watch Tower
51:36 Watch Tower
52:07 Watch Tower
52:33 Watch Tower
52:52 Watch Tower
53:35 Watch Tower
53:37 Watch Tower
53:43 Watch Tower
54:30 Watch Tower
54:41 Watch Tower
55:03 Watch Tower
55:10 Watch Tower
55:17 Watch Tower
55:49 Watch Tower
101:22 Arcane Tower
101:51 Orc Burrow
101:55 Orc Burrow
102:00 Altar of Storms
» items
| Boots of Speed | 2 | |
| Orb of Lightning | 1 | |
| Healing Salve | 6 | |
| Lesser Clarity Potion | 14 | |
| Potion of Healing | 5 | |
| Potion of Mana | 10 | |
| Staff of Sanctuary | 1 | |
| Scroll of Town Portal | 3 | |
| Tiny Great Hall | 1 | |
| Staff of Teleportation | 1 | |
| Mechanical Critter | 16 | |
60 total
HERNANDO (
yellow | 54 APM | 188 actions | 03:28)
1 Archmage
1 Blizzard
» actions
| Build / train | 18 | |
| Enter build submenu | 12 | |
| Enter hero's abilities submenu | 1 | |
| Remove unit from queue | 1 | |
| Right click | 84 | |
| Select / deselect | 58 | |
| Use ability | 14 | |
188 total
» units
» upgrades
» buildings
| Altar of Kings | 1 | |
| Lumber Mill | 1 | |
| Farm | 2 | |
| Scout Tower | 8 | |
| Guard Tower | 5 | |
17 total
» build order
00:05 Altar of Kings
00:19 Lumber Mill
00:45 Farm
01:13 Scout Tower
01:24 Scout Tower
01:27 Scout Tower
01:38 Farm
01:55 Guard Tower
01:57 Scout Tower
01:57 Guard Tower
02:01 Scout Tower
02:28 Guard Tower
02:43 Guard Tower
02:51 Scout Tower
02:55 Scout Tower
03:22 Scout Tower
03:23 Guard Tower
ThePebbler (
orange | 31 APM | 4674 actions | 153:03)
1 Archmage
1 Blizzard
5 Blood Mage
3 Siphon Mana
2 Flame Strike
» actions
| Assign group hotkey | 32 | |
| Basic commands | 15 | |
| Build / train | 169 | |
| Enter build submenu | 104 | |
| Enter hero's abilities submenu | 7 | |
| Remove unit from queue | 3 | |
| Right click | 1366 | |
| Select / deselect | 1110 | |
| Select group hotkey | 1167 | |
| Use ability | 696 | |
4674 total
» units
| Peasant | 28 | |
| Dragonhawk Rider | 13 | |
41 total
» upgrades
| Masonry | 3 | |
| Magic Sentry | 1 | |
| Lumber Harvesting | 2 | |
| Swords | 3 | |
| Plating | 3 | |
| Cloud | 1 | |
| Animal War Training | 1 | |
14 total
» buildings
| Lumber Mill | 4 | |
| Altar of Kings | 1 | |
| Scout Tower | 154 | |
| Farm | 6 | |
| Guard Tower | 82 | |
| Arcane Tower | 12 | |
| Keep | 1 | |
| Arcane Sanctum | 1 | |
| Town Hall | 1 | |
| Gryphon Aviary | 2 | |
| Arcane Vault | 2 | |
| Blacksmith | 1 | |
| Castle | 1 | |
| Barracks | 1 | |
269 total
» build order
00:09 Lumber Mill
00:13 Altar of Kings
00:50 Scout Tower
00:51 Scout Tower
00:53 Scout Tower
00:54 Scout Tower
00:55 Scout Tower
00:56 Scout Tower
01:23 Scout Tower
01:24 Scout Tower
01:24 Scout Tower
01:25 Scout Tower
01:26 Scout Tower
01:29 Scout Tower
01:30 Scout Tower
01:39 Farm
02:07 Guard Tower
02:33 Guard Tower
02:48 Guard Tower
03:12 Scout Tower
03:14 Scout Tower
03:41 Scout Tower
03:48 Scout Tower
03:51 Guard Tower
04:52 Guard Tower
05:06 Scout Tower
05:07 Scout Tower
05:08 Scout Tower
05:08 Scout Tower
05:37 Guard Tower
05:49 Scout Tower
05:56 Farm
06:06 Scout Tower
06:07 Scout Tower
06:08 Guard Tower
06:16 Guard Tower
06:23 Arcane Tower
06:39 Guard Tower
06:41 Scout Tower
06:42 Scout Tower
08:07 Keep
08:17 Scout Tower
08:33 Guard Tower
08:38 Scout Tower
08:49 Scout Tower
08:50 Scout Tower
08:50 Scout Tower
08:55 Scout Tower
08:57 Arcane Tower
09:10 Guard Tower
09:14 Scout Tower
09:23 Arcane Tower
09:29 Guard Tower
09:56 Guard Tower
09:58 Scout Tower
10:08 Guard Tower
10:10 Scout Tower
10:11 Scout Tower
10:12 Scout Tower
10:17 Scout Tower
10:18 Scout Tower
10:18 Scout Tower
10:19 Scout Tower
10:37 Farm
10:37 Farm
10:56 Arcane Sanctum
11:25 Guard Tower
13:09 Town Hall
13:50 Guard Tower
13:56 Scout Tower
13:56 Scout Tower
13:57 Scout Tower
13:59 Scout Tower
14:29 Farm
14:36 Guard Tower
14:58 Guard Tower
15:38 Gryphon Aviary
15:43 Arcane Vault
15:48 Farm
15:55 Scout Tower
15:56 Scout Tower
15:57 Scout Tower
16:01 Scout Tower
16:02 Scout Tower
16:03 Scout Tower
17:27 Scout Tower
17:28 Scout Tower
17:32 Guard Tower
18:00 Scout Tower
18:02 Scout Tower
18:06 Scout Tower
18:08 Scout Tower
18:09 Scout Tower
18:10 Scout Tower
18:12 Scout Tower
18:35 Guard Tower
18:35 Guard Tower
18:51 Blacksmith
18:54 Gryphon Aviary
18:57 Guard Tower
19:11 Guard Tower
19:15 Guard Tower
19:25 Guard Tower
19:40 Guard Tower
19:55 Scout Tower
19:56 Scout Tower
19:57 Scout Tower
19:59 Scout Tower
20:00 Scout Tower
20:01 Scout Tower
20:57 Guard Tower
21:18 Guard Tower
22:33 Guard Tower
22:42 Guard Tower
22:45 Guard Tower
22:47 Guard Tower
23:23 Castle
24:00 Scout Tower
24:01 Scout Tower
24:02 Scout Tower
24:02 Scout Tower
24:03 Scout Tower
24:46 Barracks
26:15 Guard Tower
29:03 Scout Tower
29:04 Scout Tower
29:05 Scout Tower
29:05 Scout Tower
29:06 Scout Tower
29:07 Scout Tower
29:38 Guard Tower
29:48 Guard Tower
30:05 Guard Tower
30:31 Guard Tower
30:53 Guard Tower
31:00 Scout Tower
31:02 Scout Tower
31:28 Guard Tower
32:00 Guard Tower
32:01 Guard Tower
32:03 Scout Tower
32:04 Scout Tower
32:05 Scout Tower
32:06 Scout Tower
32:07 Scout Tower
32:28 Scout Tower
32:28 Scout Tower
32:29 Scout Tower
32:54 Scout Tower
32:54 Scout Tower
32:55 Scout Tower
32:57 Guard Tower
32:58 Guard Tower
33:05 Guard Tower
33:29 Guard Tower
33:50 Guard Tower
33:51 Guard Tower
33:57 Scout Tower
34:00 Scout Tower
34:01 Scout Tower
34:01 Scout Tower
34:04 Guard Tower
34:19 Scout Tower
34:20 Scout Tower
34:22 Guard Tower
34:23 Guard Tower
34:34 Guard Tower
35:16 Guard Tower
35:30 Guard Tower
36:20 Guard Tower
36:22 Scout Tower
36:23 Scout Tower
36:23 Scout Tower
36:24 Scout Tower
36:25 Scout Tower
36:25 Scout Tower
41:22 Scout Tower
41:26 Scout Tower
41:26 Scout Tower
41:35 Scout Tower
41:39 Scout Tower
41:56 Guard Tower
42:03 Lumber Mill
42:06 Guard Tower
42:30 Guard Tower
42:35 Scout Tower
42:37 Guard Tower
42:41 Guard Tower
42:50 Scout Tower
42:51 Scout Tower
42:52 Scout Tower
43:16 Lumber Mill
43:18 Guard Tower
43:29 Scout Tower
43:30 Scout Tower
43:44 Guard Tower
43:58 Guard Tower
44:14 Guard Tower
44:30 Scout Tower
44:41 Scout Tower
44:45 Guard Tower
44:51 Scout Tower
44:54 Scout Tower
45:12 Guard Tower
45:15 Scout Tower
45:16 Scout Tower
45:17 Scout Tower
45:44 Arcane Tower
46:00 Scout Tower
46:03 Guard Tower
46:19 Scout Tower
46:21 Arcane Tower
46:33 Guard Tower
46:59 Arcane Tower
47:13 Scout Tower
47:18 Scout Tower
47:20 Guard Tower
47:50 Scout Tower
47:53 Guard Tower
48:11 Lumber Mill
48:29 Scout Tower
48:30 Scout Tower
48:33 Scout Tower
48:35 Guard Tower
49:03 Scout Tower
49:05 Scout Tower
49:07 Scout Tower
49:10 Arcane Tower
49:46 Guard Tower
49:54 Guard Tower
49:55 Guard Tower
49:57 Guard Tower
50:11 Scout Tower
50:19 Scout Tower
50:27 Scout Tower
50:28 Scout Tower
50:34 Scout Tower
50:42 Scout Tower
50:44 Scout Tower
50:46 Scout Tower
50:50 Guard Tower
50:56 Guard Tower
52:01 Guard Tower
52:05 Scout Tower
52:08 Scout Tower
52:25 Scout Tower
52:28 Scout Tower
52:47 Guard Tower
53:01 Guard Tower
53:09 Guard Tower
53:52 Guard Tower
54:11 Scout Tower
54:14 Scout Tower
54:39 Scout Tower
55:10 Guard Tower
55:15 Scout Tower
55:17 Scout Tower
55:33 Scout Tower
56:01 Arcane Tower
56:11 Arcane Tower
56:54 Scout Tower
57:02 Scout Tower
57:47 Arcane Tower
57:48 Arcane Tower
57:54 Scout Tower
61:15 Arcane Tower
87:43 Arcane Vault
100:32 Scout Tower
100:51 Scout Tower
» items
| Lesser Clarity Potion | 1 | |
| Healing Salve | 1 | |
| Potion of Mana | 4 | |
| Scroll of Town Portal | 2 | |
8 total
team 2 (loser)
DragonSDX (
green | 61 APM | 9325 actions | 153:03)
7 Blademaster
3 Wind Walk
3 Critical Strike
1 Bladestorm
3 Pit Lord
2 Rain of Fire
1 Howl of Terror
» actions
| Assign group hotkey | 1560 | |
| Basic commands | 357 | |
| Build / train | 94 | |
| ESC pressed | 7 | |
| Enter build submenu | 22 | |
| Enter hero's abilities submenu | 10 | |
| Give item / drop item | 19 | |
| Remove unit from queue | 15 | |
| Right click | 5239 | |
| Select / deselect | 930 | |
| Select group hotkey | 518 | |
| Use ability | 553 | |
9325 total
» units
| Peon | 6 | |
| Raider | 10 | |
| Wind Rider | 4 | |
| Troll Witch Doctor | 3 | |
| Shaman | 1 | |
| Troll Batrider | 17 | |
41 total
» upgrades
| Ensnare | 1 | |
| Pillage | 1 | |
| Envenomed Spears | 1 | |
| Witch Doctor Training | 2 | |
| Liquid Fire | 1 | |
| Spiked Barricades | 1 | |
| Backpack | 0 | |
7 total
» buildings
| Altar of Storms | 1 | |
| Orc Burrow | 5 | |
| Stronghold | 2 | |
| Beastiary | 2 | |
| Fortress | 1 | |
| Voodoo Lounge | 1 | |
| War Mill | 1 | |
| Spirit Lodge | 2 | |
| Watch Tower | 6 | |
21 total
» build order
00:05 Altar of Storms
00:08 Orc Burrow
01:56 Stronghold
01:56 Stronghold
02:27 Orc Burrow
03:57 Orc Burrow
04:58 Beastiary
05:02 Beastiary
05:32 Orc Burrow
06:08 Fortress
07:18 Orc Burrow
08:34 Voodoo Lounge
15:41 War Mill
25:48 Spirit Lodge
26:29 Spirit Lodge
55:42 Watch Tower
56:09 Watch Tower
56:58 Watch Tower
63:09 Watch Tower
63:11 Watch Tower
64:46 Watch Tower
» items
| Circlet of Nobility | 2 | |
| Periapt of Vitality | 2 | |
| Boots of Speed | 1 | |
| Staff of Teleportation | 1 | |
| Orb of Lightning | 1 | |
| Potion of Mana | 1 | |
| Potion of Healing | 1 | |
| Healing Salve | 1 | |
| Dust of Appearance | 2 | |
| Scroll of Speed | 1 | |
13 total
Tamil (
red | 26 APM | 2851 actions | 111:18)
5 Blademaster
3 Wind Walk
1 Critical Strike
1 Bladestorm
» actions
| Assign group hotkey | 11 | |
| Basic commands | 102 | |
| Build / train | 98 | |
| Enter build submenu | 17 | |
| Enter hero's abilities submenu | 5 | |
| Give item / drop item | 1 | |
| Remove unit from queue | 4 | |
| Right click | 1318 | |
| Select / deselect | 278 | |
| Select group hotkey | 923 | |
| Use ability | 93 | |
2851 total
» units
| Peon | 18 | |
| Grunt | 9 | |
| Troll Headhunter/Berserker | 13 | |
| Demolisher | 33 | |
73 total
» upgrades
| Pillage | 1 | |
| Berserker Upgrade | 1 | |
| Berserker Strength | 1 | |
| Burning Oil | 1 | |
| Ranged Weapons | 3 | |
7 total
» buildings
| Altar of Storms | 1 | |
| Orc Burrow | 10 | |
| Barracks | 2 | |
| War Mill | 2 | |
| Voodoo Lounge | 1 | |
| Stronghold | 1 | |
| Fortress | 1 | |
| Great Hall | 1 | |
19 total
» build order
00:07 Altar of Storms
00:12 Orc Burrow
01:09 Orc Burrow
04:16 Barracks
05:35 Orc Burrow
06:32 War Mill
06:47 Barracks
07:12 Orc Burrow
08:40 Orc Burrow
09:20 Voodoo Lounge
09:48 Orc Burrow
10:25 Stronghold
13:29 Fortress
16:06 Great Hall
20:57 War Mill
23:16 Orc Burrow
23:20 Orc Burrow
23:24 Orc Burrow
23:46 Orc Burrow
» items
| Boots of Speed | 1 | |
| Staff of Teleportation | 1 | |
| Circlet of Nobility | 1 | |
| Potion of Mana | 1 | |
| Periapt of Vitality | 1 | |
| Orb of Lightning | 1 | |
6 total

»
wesloffski (
blue | 44 APM | 6739 actions | 152:55)
5 Warden
2 Shadow Strike
3 Fan of Knives
6 Pit Lord
3 Rain of Fire
2 Cleaving Attack
1 Doom
1 Blademaster
1 Critical Strike
» actions
| Assign group hotkey | 52 | |
| Basic commands | 1237 | |
| Build / train | 99 | |
| ESC pressed | 33 | |
| Enter build submenu | 19 | |
| Enter hero's abilities submenu | 17 | |
| Give item / drop item | 7 | |
| Right click | 1826 | |
| Select / deselect | 1614 | |
| Select group hotkey | 1541 | |
| Use ability | 294 | |
6739 total
» units
| Wisp | 20 | |
| Huntress | 2 | |
| Glaive Thrower | 5 | |
| Druid of the Claw | 11 | |
| Dryad | 3 | |
| Chimaera | 17 | |
| Hippogryph | 2 | |
| Razormane Medicine Man | 1 | |
| Mountain Giant | 4 | |
65 total
» upgrades
| Strength of the Wild | 3 | |
| Vorpal Blades | 1 | |
| Druid of the Claw Training | 2 | |
| Abolish Magic | 1 | |
| Mark of the Claw | 1 | |
| Druid of the Talon Training | 2 | |
| Corrosive Breath | 1 | |
| Reinforced Hides | 2 | |
| Hardened Skin | 1 | |
| Resistant Skin | 1 | |
15 total
» buildings
| Altar of Elders | 1 | |
| Moon Well | 9 | |
| Hunter's Hall | 1 | |
| Ancient of War | 1 | |
| Tree of Ages | 1 | |
| Tree of Eternity | 1 | |
| Ancient of Lore | 2 | |
| Ancient of Wind | 1 | |
| Ancient of Wonders | 1 | |
| Tree of Life | 1 | |
| Chimaera Roost | 1 | |
20 total
» build order
00:09 Altar of Elders
00:18 Moon Well
01:14 Hunter's Hall
01:40 Ancient of War
01:57 Moon Well
02:15 Moon Well
03:14 Tree of Ages
05:38 Tree of Eternity
05:39 Ancient of Lore
05:41 Ancient of Lore
08:26 Moon Well
09:08 Ancient of Wind
09:40 Ancient of Wonders
10:21 Tree of Life
10:49 Moon Well
10:55 Moon Well
11:50 Chimaera Roost
20:38 Moon Well
20:41 Moon Well
22:10 Moon Well
» items
| Dust of Appearance | 1 | |
| Potion of Lesser Invulnerability | 1 | |
| Potion of Healing | 1 | |
3 total
Chat log
(01:53 / All) HERNANDO: UI guys good..?
(01:58 / All) wesloffski: nah
(01:59 / All) DragonSDX: no :D
(02:03 / All) DragonSDX: first time
(02:03 / All) wesloffski: first time
(02:10 / All) HERNANDO: dpmt lie guys
(02:14 / All) DragonSDX: ok
(02:17 / All) DragonSDX: 2nd time :D
(02:21 / All) wesloffski: 2nd time
(02:31 / All) Tamil: i thought this was gunbound
(03:28 / All) DragonSDX: please quit now
(03:30 / All) DragonSDX: 2nd time playing
(03:32 / All) DragonSDX: and win
(37:22 / All) wesloffski: chase it noob
(39:42 / All) wesloffski: GG NIGGERS
(39:47 / All) GOKUMAN69: Gg
(39:55 / All) DragonSDX: by the way
(39:57 / All) DragonSDX: 2nd time playing
(44:22 / All) GOKUMAN69: Gg you out played us
(44:26 / All) DragonSDX: LOL
(44:43 / All) wesloffski: we outplayed you right when u started to tower
(45:49 / All) wesloffski: leave
(45:56 / All) GOKUMAN69: kill our buildings
(46:05 / All) wesloffski: we are
(46:08 / All) wesloffski: but ur still shit
(46:54 / All) GOKUMAN69: nice job guys tips?
(47:05 / All) wesloffski: have a real strategy?
(47:16 / All) DragonSDX: best defence is a good offence LOL
(47:38 / All) wesloffski: homos just leave
(47:47 / All) GOKUMAN69: manner up please
(47:55 / All) wesloffski: man up please
(47:58 / All) wesloffski: accept defeat
(48:55 / All) Tamil: can you please leave
(49:05 / All) GOKUMAN69: nope
(49:14 / All) wesloffski: fucking losers
(49:18 / All) Tamil: but why
(49:26 / All) GOKUMAN69: you find my buildings?
(49:43 / All) ThePebbler: lol where my farms at yo
(49:46 / All) Tamil: christ.
(49:58 / All) wesloffski: fo
(50:08 / All) wesloffski: lmao faggots
(52:20 / All) GOKUMAN69: so what you guys doing we lose
(52:24 / All) GOKUMAN69: so end it broz
(52:31 / All) wesloffski: meh
(52:32 / All) wesloffski: its ok
(52:36 / All) Tamil: come down
(52:40 / All) GOKUMAN69: nope
(53:11 / All) Tamil: well this is the first time i've been in a game
(53:18 / All) Tamil: where all gold mines have collapsed
(53:22 / All) Tamil: gj.
(53:31 / All) GOKUMAN69: gl hf manner game
(53:40 / All) wesloffski: wtf is that
(53:42 / All) Tamil: i dont remember being rude.
(56:14 / All) DragonSDX: YOU CANT STOP ME :D
(56:54 / All) wesloffski: haha
(65:52 / All) DragonSDX: THOGUHTS O
(73:36 / All) GOKUMAN69: one v one bm fight
(73:42 / All) DragonSDX: ok come out then
(73:48 / All) Tamil: do you promis to leave
(74:03 / All) GOKUMAN69: haaha
(74:10 / All) GOKUMAN69: no honOUR?
(74:16 / All) ThePebbler: loplololooolooo
(74:17 / All) Tamil: LOL look who's talking
(74:18 / All) ThePebbler: NIGGHER
(74:20 / All) ThePebbler: TITS
(74:20 / All) wesloffski: how is this honor
(74:21 / All) ThePebbler: FUCK
(74:22 / All) ThePebbler: ASS
(74:22 / All) wesloffski: u fucking noobs
(74:22 / All) Tamil: you guys are hiding on a hill
(74:24 / All) ThePebbler: CHINK
(74:28 / All) ThePebbler: Y U LIKE DIKZ
(74:36 / All) wesloffski: cause u spell it like dikz
(74:43 / All) ThePebbler: UR GAY LOLOL
(74:48 / All) wesloffski: UR A LOSER LOLOL
(74:49 / All) ThePebbler: Y U NO LIEK GURLZ
(74:49 / All) Tamil: you're shit and stupid
(75:02 / All) Tamil: try playing a real game?
(75:04 / All) ThePebbler: OFFENCE IS DA BEST DEFENCE
(75:08 / All) Tamil: not hide on a fucking hill
(75:21 / All) wesloffski: A RETARD WILL ALWAYS BE A RETARD
(75:28 / All) GOKUMAN69: !v1?
(75:39 / All) wesloffski: sure !v1
(75:54 / All) Tamil: did u just challenge him to a 1v1 game
(75:59 / All) GOKUMAN69: yeag
(76:03 / All) wesloffski: yeag
(76:07 / All) Tamil: you're going to cry
(76:18 / All) GOKUMAN69: How you guys leik dis game?
(76:24 / All) Tamil: dont u have school tommorow
(76:26 / All) wesloffski: i leik it just fine
(76:44 / All) GOKUMAN69: dont you?
(76:47 / All) Tamil: orange, type out your words
(76:49 / All) DragonSDX: COME OUT
(77:02 / All) Tamil: i asked you first =D
(77:11 / All) ThePebbler: tamil where do you live
(77:11 / All) DragonSDX: 1v1 me cunt :D
(77:13 / All) GOKUMAN69: 1X1 BM FIGHT
(77:17 / All) DragonSDX: K COME
(77:24 / All) Tamil: Toronto, Canada, come please.
(77:28 / All) GOKUMAN69: at reds base
(77:29 / All) ThePebbler: what street
(77:35 / All) GOKUMAN69: I live in markham
(77:43 / All) Tamil: LOL. GG.
(77:46 / All) wesloffski: what a fag
(77:47 / All) DragonSDX: SERIOUS.
(77:48 / All) GOKUMAN69: wnna meet up?
(77:49 / All) DragonSDX: pmaller?
(77:50 / All) DragonSDX: LOL
(77:58 / All) wesloffski: of course he is
(78:03 / All) Tamil: must be azn...Gokuman, LOL
(78:07 / All) wesloffski: hahaha
(78:08 / All) GOKUMAN69: yeah
(78:12 / All) wesloffski: fucking midget piece of shit
(78:17 / All) GOKUMAN69: 5 4 ok
(78:17 / All) wesloffski: callin ppl chink
(78:18 / All) wesloffski: lmao
(78:19 / All) GOKUMAN69: FUCK
(78:21 / All) Tamil: Oj where you live
(78:28 / All) wesloffski: fuckinggggggggg fagssssssssss
(79:01 / All) GOKUMAN69: why you run?
(79:09 / All) GOKUMAN69: pussy much?
(79:17 / All) wesloffski: lmao says the fucking markham kid
(79:19 / All) wesloffski: stfu noob
(79:21 / All) DragonSDX: when did i run
(79:49 / All) Tamil: can you just give us the win
(79:53 / All) GOKUMAN69: no
(80:00 / All) Tamil: we beat you guys fair and square, no need to be sore losers.
(80:06 / All) GOKUMAN69: beat us
(80:11 / All) GOKUMAN69: kill da perch
(80:15 / All) wesloffski: thanks for boots
(80:15 / All) Tamil: get off the stupid hill.
(80:17 / All) DragonSDX: the what?
(80:22 / All) GOKUMAN69: perch
(80:31 / All) GOKUMAN69: Welcum tu Highperch
(80:45 / All) Tamil: that was horrible and disgusting
(80:50 / All) wesloffski: i'll cum all over you
(81:00 / All) GOKUMAN69: why no manner?
(81:03 / All) GOKUMAN69: manner up
(81:05 / All) wesloffski: why no manner
(81:07 / All) DragonSDX: fuck this
(81:13 / All) GOKUMAN69: quit noob
(81:13 / All) wesloffski: cuz ur afucking markham douchebag
(81:16 / All) DragonSDX: im just gonna summit this reply to bnet LOL
(81:24 / All) GOKUMAN69: LOL LOL
(81:27 / All) DragonSDX: and hope they find your CDKEYS :D
(81:36 / All) GOKUMAN69: why rasicm to mark HaM aznz?
(81:40 / All) Tamil: they're probably at some IC
(81:43 / All) wesloffski: cuz ur ham
(81:47 / All) wesloffski: piggy
(82:46 / All) DragonSDX: FUCK
(82:49 / All) DragonSDX: LOL
(82:50 / All) DragonSDX: FUCK YOIU LOL
(82:55 / All) wesloffski: lmao fucking homo
(82:56 / All) ThePebbler: lol y u noob
(82:59 / All) GOKUMAN69: leave dRagon man
(83:02 / All) ThePebbler: lol kant kill 50 hp loLOLOLOLOL
(83:02 / All) wesloffski: oj stfu ur so shit
(83:03 / All) Tamil: lol you suck Oj
(83:08 / All) wesloffski: OJ HAD NOTHIGN
(83:10 / All) wesloffski: BUT A FAGGOT BM
(83:12 / All) wesloffski: LMAO
(83:21 / All) Tamil: yo oj
(83:24 / All) Tamil: you suck k?
(83:32 / All) Tamil: i think ur cards almost out of time
(83:54 / All) ThePebbler: hahehah loiek u pwnretn
(83:57 / All) wesloffski: wtf
(83:59 / All) Tamil: lol what?
(84:00 / All) wesloffski: are u even saying
(84:08 / All) wesloffski: u fucking are half asleep aren;t u fucking homo
(84:15 / All) Tamil: you stupid mexican, why do you fail at english
(85:55 / All) Tamil: Lol why pussy out?
(86:07 / All) GOKUMAN69: 4v1
(86:14 / All) wesloffski: 4v1?
(86:18 / All) GOKUMAN69: heros
(86:56 / All) Tamil: so oj
(86:58 / All) Tamil: where do you live
(87:22 / All) Tamil: stop masturbating to porn
(87:24 / All) Tamil: and answer me
(92:54 / All) GOKUMAN69: so pussy
(93:12 / All) wesloffski: yes u r
(95:26 / All) ThePebbler: FUCK YO TRE NIGGA
(95:55 / All) wesloffski: LOL
(95:56 / All) DragonSDX: LOL
(95:59 / All) wesloffski: FUCK YO BM NIGGER
(97:43 / All) Tamil: purp buying ur hero back?
(111:04 / All) GOKUMAN69: Gg
(111:04 / All) ThePebbler: lol
(111:05 / All) GOKUMAN69: T. noobs
(111:08 / All) wesloffski: lol
(111:11 / All) wesloffski: stfu faggot
(111:17 / All) wesloffski: u got nothing
(111:18 / All) wesloffski: markham piece of shit
(116:43 / All) GOKUMAN69: SO
(116:49 / All) GOKUMAN69: WE ONLY GOT 4 MORE HOURS
(116:55 / All) GOKUMAN69: in the int cafe
(116:57 / All) wesloffski: for what
(116:58 / All) DragonSDX: LOL
(117:03 / All) wesloffski: thats fine
(117:07 / All) DragonSDX: why are you guys there =__=;
(117:14 / All) GOKUMAN69: we azn
(117:18 / All) DragonSDX: SO?!
(117:20 / All) wesloffski: nothing better to do
(117:27 / All) DragonSDX: ASIAN PEOPLE RATHER PLAY JITZ
(117:29 / All) ThePebbler: ^____________________________________________________________________________________________________________________________^;
(117:31 / All) GOKUMAN69: no friends ect
(117:35 / All) DragonSDX: AT LEAST I WOULD RATHER.
(117:39 / All) wesloffski: makes alot of sense
(117:43 / All) wesloffski: no friends
(119:40 / All) DragonSDX: so where's purple's BM?
(119:44 / All) ThePebbler: my ass
(119:45 / All) GOKUMAN69: dead
(119:48 / All) ThePebbler: its feels soooo good
(119:51 / All) DragonSDX: no money ?
(119:53 / All) GOKUMAN69: not coming bat
(119:55 / All) GOKUMAN69: no money
(119:56 / All) wesloffski: sure does huh homo
(120:13 / All) GOKUMAN69: feels good man
(123:23 / All) DragonSDX: YOU KNOW WHAT I DONT GET?
(123:29 / All) DragonSDX: YOU HAVE 4 HOURS
(123:36 / All) DragonSDX: ON A IC COMPUTER..
(123:40 / All) DragonSDX: AND YOU WASTE IT SITTING AROUND
(123:41 / All) DragonSDX: LOL
(123:47 / All) wesloffski: money well spent
(123:51 / All) GOKUMAN69: we know the owner
(123:53 / All) DragonSDX: WHILE IM AT HOME
(123:58 / All) DragonSDX: PLAYING FOR FREE
(124:02 / All) DragonSDX: LAWL@YOU.
(124:03 / All) GOKUMAN69: he my dad
(124:07 / All) wesloffski: so if u know the owner
(124:09 / All) GOKUMAN69: he play for half price
(124:13 / All) wesloffski: why do u only have 4 more hours
(124:18 / All) wesloffski: lmao
(124:24 / All) wesloffski: dad charges half price
(124:39 / All) wesloffski: what a stinge
(124:46 / All) GOKUMAN69: manner up
(124:51 / All) wesloffski: u manner up
(124:56 / All) GOKUMAN69: dat my dad you talkin about
(125:00 / All) wesloffski: haha
(125:05 / All) wesloffski: what a faggot dad
(125:07 / All) wesloffski: ic owner
(125:10 / All) wesloffski: what a loser
(125:41 / All) wesloffski: hahaha ic owner what a faggot
(125:52 / All) DragonSDX: HOW..
(125:53 / All) DragonSDX: LOL
(126:05 / All) GOKUMAN69: my bm says hello
(126:08 / All) ThePebbler: i play for half 2 beause my dad owns the restraunt next to it
(126:18 / All) wesloffski: HAHA BIGGER LOSER
(127:58 / Allies) GOKUMAN69: we can fight your base...
(128:06 / All) GOKUMAN69: but you cant fight Are base?
(128:12 / All) wesloffski: what
(128:13 / All) wesloffski: the hell
(128:13 / All) GOKUMAN69: and we can fight yours
(128:15 / All) wesloffski: r u sayingf
(128:24 / All) wesloffski: god fucking ic owner dad
(128:31 / All) wesloffski: should teach u better
(131:20 / All) GOKUMAN69: Think you lose
(131:28 / All) GOKUMAN69: TO markham Azn
(131:34 / All) wesloffski: meh try and take down my base
(132:18 / All) GOKUMAN69: how much gold you got we got 100
(132:27 / All) wesloffski: enough
(132:38 / All) GOKUMAN69: tell please for proJect
(132:46 / All) wesloffski: for what
(132:53 / All) GOKUMAN69: schhoool project
(132:59 / All) GOKUMAN69: in english class
(133:13 / All) GOKUMAN69: how old are you?
(133:21 / All) GOKUMAN69: I am 14
(133:21 / All) wesloffski: tell ur engrish teacher to teach u better faggot
(133:22 / All) DragonSDX: 9
(133:26 / All) wesloffski: and tell ur dad he;s fucked
(133:55 / All) wesloffski: which one does he own
(135:46 / All) DragonSDX: '
(136:07 / All) GOKUMAN69: why did you doom you"RE onlie AIR unit?
(136:19 / All) DragonSDX: why cant he?
(136:43 / All) GOKUMAN69: dumb move Bro
(136:50 / All) DragonSDX: are you sure :D?
(137:10 / All) GOKUMAN69: yes
(137:15 / All) DragonSDX: k :D
(141:37 / All) GOKUMAN69: you guys are running low on buildings
(141:43 / All) DragonSDX: nah
(141:47 / All) DragonSDX: we have blue's base
(141:49 / All) DragonSDX: LOL
(142:25 / All) GOKUMAN69: we have out Top Floor hotel sute UP Here Bros
(142:35 / All) wesloffski: wow
(142:39 / All) wesloffski: u really are 14 huh
(142:47 / All) wesloffski: it shows when u type like a retard
(143:25 / All) GOKUMAN69: so how are you going to beat us???
(143:34 / All) ThePebbler: air units duh
(143:38 / All) wesloffski: lets see u beat us
(144:16 / All) GOKUMAN69: you're moon wells where they going?
(144:29 / All) wesloffski: same place ur wyverns goin
(147:41 / All) GOKUMAN69: blade strom don't stack
(147:50 / All) DragonSDX: your face does :D
(147:56 / All) DragonSDX: look at all those wrinkles :D
(148:04 / All) ThePebbler: lol we r 15
(148:11 / All) DragonSDX: 14*
(148:11 / All) ThePebbler: no wrinkles old man virgin jkekekekekek
(148:12 / All) GOKUMAN69: no manner
(148:13 / All) wesloffski: tell ur dads to suck each others dicks
(148:27 / All) wesloffski: wouldn't be the first time
(148:29 / All) GOKUMAN69: they do
(148:34 / All) wesloffski: i kno they do
(148:40 / All) DragonSDX: can you just finish this normally
(148:47 / All) wesloffski: kinda funny
(148:55 / All) GOKUMAN69: we are
(151:47 / All) GOKUMAN69: you smell like wet dog whitie
(152:49 / All) DragonSDX: k bye fags. LOL
(152:55 / All) DragonSDX: i have work you jerks D:!
(152:56 / All) GOKUMAN69: owned